 Dungeon Crawl Stone Soup version 0.18.1-50-g88ac8fd (webtiles) character file.

5511 Amnesiac the Magus (level 10, -2/48 HPs)
             Began as a Deep Elf Fighter on Feb 28, 2018.
             Was an Elder of Nemelex Xobeh.
             Slain by an ice beast (10 damage)
             ... in an ice cave.
             The game lasted 00:22:37 (8551 turns).

Amnesiac the Magus (Deep Elf Fighter)               Turns: 8551, Time: 00:22:37

Health: -2/48      AC: 15    Str: 16    XL:     10   Next: 43%
Magic:  19/19      EV:  6    Int: 14    God:    Nemelex Xobeh [****..]
Gold:   402        SH: 11    Dex: 16    Spells: 3 memorised, 6 levels left

rFire  + . .     SeeInvis .     a - +2 short sword (venom)
rCold  . . .     Gourm    .     G - +0 plate armour
rNeg   . . .     Faith    .     c - +1 shield
rPois  .         Spirit   .     (no helmet)
rElec  .         Dismiss  .     (no cloak)
rCorr  .         Reflect  .     e - +2 pair of gloves
SustAt +         Harm     .     (no boots)
MR     +....                    (no amulet)
Stlth  ..........               q - ring of sustain attributes
                                X - ring of protection from fire

@: aura of abjuration, somewhat resistant to hostile enchantments, extremely
unstealthy
A: fangs 1, agile 1, frail 2, sense surroundings 1, screaming 1
a: Triple Draw, Deal Four, Renounce Religion


You were in an ice cave.
You worshipped Nemelex Xobeh.
Nemelex Xobeh was greatly pleased with you.
You were not hungry.

You visited 2 branches of the dungeon, and saw 10 of its levels.
You also visited: Ice Cave.

You collected 561 gold pieces.

Inventory:

Hand Weapons
 a - a +2 short sword of venom (weapon)
 b - a +0 hunting sling
 Y - a +0 whip of electrocution
Missiles
 j - 278 stones (quivered)
 p - 62 sling bullets
 T - 18 poisoned needles
Armour
 c - a +1 shield (worn)
 e - a +2 pair of gloves (worn)
 F - an ice dragon hide
 G - a +0 plate armour (worn)
 Z - a +0 ring mail of fire resistance
Jewellery
 q - a ring of sustain attributes (right hand)
 X - a ring of protection from fire (left hand)
Wands
 u - a wand of flame (23/48)
 y - a wand of polymorph (9/24)
 C - a wand of polymorph (18/24)
 K - a wand of acid (2/15)
 N - a wand of paralysis (13/24)
Scrolls
 g - 2 scrolls of enchant armour {!r}
 h - 6 scrolls of remove curse {!r}
 n - 3 scrolls of teleportation {!r}
 s - a scroll of fog {!r}
 E - a scroll of amnesia {!r}
 M - a scroll of vulnerability {!r}
 P - a scroll of recharging {!r}
Potions
 d - 2 potions of might {!q}
 i - 2 potions of heal wounds {!q}
 k - 3 potions of curing {!q}
 m - a potion of magic {!q}
 r - 2 potions of cancellation {!q}
 x - 2 potions of resistance {!q}
 z - a potion of agility {!q}
 A - a potion of invisibility {!q}
 I - 4 potions of lignification {!q}
 Q - a potion of beneficial mutation {!q}
 R - 2 potions of flight {!q}
 U - a potion of brilliance {!q}
Miscellaneous
 l - a plain deck of wonders {drawn: 2}
 o - a plain deck of destruction {drawn: 6}
 D - an ornate deck of war
 H - a plain deck of war
 J - a crystal ball of energy
 L - a legendary deck of destruction
 S - an ornate deck of destruction
 W - a plain deck of war {drawn: 1}
Comestibles
 f - 8 bread rations
 t - 20 chunks of flesh
 v - 4 meat rations
 w - 9 slices of pizza
 B - 7 beef jerkies
 V - 4 fruits


   Skills:
 + Level 5.7 Fighting
 - Level 2.0 Short Blades
 + Level 5.8 Armour
 + Level 7.5 Dodging
 + Level 5.6 Shields
 * Level 10.1 Evocations


You had 6 spell levels left.
You knew the following spells:

 Your Spells              Type           Power        Failure   Level  Hunger
a - Apportation           Tloc           #.........   100%        1    ##.....
b - Summon Butterflies    Summ           #.......     100%        1    ##.....
c - Freeze                Ice            #...         100%        1    ##.....


Dungeon Overview and Level Annotations

Branches:
Dungeon (9/15)             Temple (0/1) D:6             Orc (1/2) D:9
   Lair: D:8-11

Altars:
Gozag
Kikubaaqudgha
Nemelex Xobeh
Pakellas
Sif Muna

Shops:
D:8 *


Innate Abilities, Weirdness & Mutations

You have very sharp teeth.
You are agile. (Dex +2)
You are very frail (-20% HP).
You passively map a small area around you.
You occasionally shout uncontrollably at your foes.


Message History

Zapping:
K - a wand of acid (will waste charges)
Press: ? - help, Shift-Dir - straight line, f - ice beast
Aim: an ice beast The bolt of acid hits the ice beast.
The acid corrodes the ice beast!
The ice beast is heavily wounded.
The bolt of acid hits the ice beast.
The acid corrodes the ice beast!
The ice beast is moderately wounded.
The bolt of acid hits the ice beast.
The acid corrodes the ice beast!
The ice beast is severely wounded.
Evoking this partially-identified wand wasted a few charges.
You hit the ice beast.
The ice beast is severely wounded.
The ice beast hits you but does no damage.
The ice beast hits you. The ice beast freezes you!
* * * LOW HITPOINT WARNING * * *
Evoke which item? (* to show all) (? for menu, Esc to quit)
Zapping:
K - a wand of acid {zapped: 3} (will waste charges)
Press: ? - help, Shift-Dir - straight line, f/p - ice beast
Aim: an ice beast (severely wounded, covered in acid)
The bolt of acid misses the ice beast.
The bolt of acid hits the ice beast.
The acid corrodes the ice beast!
You kill the ice beast!
The bolt of acid misses the ice beast.
The bolt of acid hits the ice beast.
The acid corrodes the ice beast!
The ice beast is severely wounded.
Evoking this partially-identified wand wasted a few charges.
Your skill with magical items lets you calculate the power of this device...
This wand has 3 charges left.
The ice beast hits you but does no damage.
You block the ice beast's attack. You block the ice beast's attack.
You block the ice beast's attack. x2
Evoke which item? (* to show all) (? for menu, Esc to quit)
Okay, then.
Evoke which item? (* to show all) (? for menu, Esc to quit)
You draw a card...
It is Pain.
You have drawn Pain.
Press: ? - help, Shift-Dir - straight line, f - ice beast, p - ice beast
Aim: an ice beast (severely wounded, covered in acid)
The ice beast convulses in agony!
The ice beast hits you but does no damage.
Evoke which item? (* to show all) (? for menu, Esc to quit)
Zapping:
K - a wand of acid (3/15)
Press: ? - help, Shift-Dir - straight line, f - ice beast, p - ice beast
Aim: an ice beast (severely wounded, covered in acid)
The bolt of acid misses the ice beast. x2; The bolt of acid hits the ice beast.
The acid corrodes the ice beast!
The ice beast is severely wounded.
This wand has 2 charges left.
The ice beast hits you but does no damage. x2
The ice beast barely misses you.
Unknown command.
Evoke which item? (* to show all) (? for menu, Esc to quit)
You draw a card...
It is the Crusade.
You begin to abjure the creatures around you!
The ice beast hits you.
* * * LOW HITPOINT WARNING * * *
The ice beast freezes you!
* * * LOW HITPOINT WARNING * * *
You block the ice beast's attack. The ice beast hits you.
* * * LOW HITPOINT WARNING * * *
The ice beast freezes you!
You die...
Your body glows slightly and disappears.

,...
###.###
##.....##
##.......##
#....∩....#
#.........#
#.......Y.#
#....∩..YY#
#......YY@#
###########


You could see 5 ice beasts.

Vanquished Creatures
  A polar bear (Orc:1)
  Purgy (D:3)
  2 orc warriors
  An ice beast (IceCv)
  A sky beast (D:4)
  An ogre (D:7)
  2 wolves (Orc:1)
  3 centaurs
  Blork the orc (D:5)
  A scorpion (D:6)
  6 killer bees
  3 howler monkeys
  3 hounds
  3 orc wizards
  Natasha (thrice) (D:2)
  7 worker ants
  7 adders
  2 oozes
  An adder skeleton (D:4)
  2 worms
  A dart slug (D:1)
  4 giant geckos
  21 orcs
  2 ball pythons
  11 bats
  2 giant cockroaches (D:2)
  12 hobgoblins
  18 jackals
  2 quokkas
  9 giant newts
  9 goblins
  A jackal skeleton (D:4)
  12 kobolds
  5 rats
160 creatures vanquished.

Vanquished Creatures (collateral kills)
  An ice dragon (Orc:1)
  Pikel (D:7)
  An orc knight (Orc:1)
  Grinder (D:6)
  3 polar bears (Orc:1)
  A human (D:7)
  Eustachio (D:6)
  2 hippogriffs (D:8)
  A warg (Orc:1)
  4 orc warriors
  4 ice beasts
  3 black bears
  2 sky beasts (D:8)
  2 ogres
  2 centaurs
  A wolf (Orc:1)
  A gnoll sergeant (D:8)
  4 killer bees (D:7)
  4 howler monkeys (D:8)
  4 crimson imps
  A quasit (D:7)
  2 hounds (D:8)
  4 jellies
  3 orc priests
  2 orc wizards
  A giant frog skeleton (D:7)
  6 worker ants
  4 sheep (D:7)
  A hound skeleton (D:7)
  3 gnolls (D:8)
  3 adders
  2 shadow imps
  An adder zombie (D:8)
  17 orcs
  A giant cockroach (D:6)
  2 jackals (D:6)
96 creatures vanquished.

Grand Total: 256 creatures vanquished

Notes
Turn   | Place    | Note
--------------------------------------------------------------
     0 | D:1      | Amnesiac the Deep Elf Fighter began the quest for the Orb.
     0 | D:1      | Reached XP level 1. HP: 13/13 MP: 3/3
    12 | D:1      | Reached skill level 1 in Dodging
    74 | D:1      | Reached XP level 2. HP: 13/18 MP: 4/4
   237 | D:3      | Found a sparkling altar of Nemelex Xobeh.
   255 | D:3      | Became a worshipper of Nemelex Xobeh the Trickster
   476 | D:1      | Received a gift from Nemelex Xobeh
   666 | D:1      | You fall through a shaft!
   755 | D:2      | Reached XP level 3. HP: 13/22 MP: 5/5
  1261 | D:2      | Reached XP level 4. HP: 27/27 MP: 6/6
  1446 | D:2      | Noticed Natasha
  1452 | D:2      | Killed Natasha
  1535 | D:2      | Noticed Natasha
  1671 | D:2      | Killed Natasha
  1904 | D:2      | Noticed Natasha
  1911 | D:2      | Killed Natasha
  1911 | D:2      | Reached XP level 5. HP: 28/32 MP: 7/7
  2081 | D:3      | Reached * piety under Nemelex Xobeh
  2081 | D:3      | Found a faded altar to an unknown god.
  2118 | D:3      | Found an ancient bone altar of Kikubaaqudgha.
  2136 | D:3      | Reached skill level 1 in Evocations
  2225 | D:3      | Received a gift from Nemelex Xobeh
  2734 | D:3      | Reached skill level 2 in Evocations
  2764 | D:3      | Found an opulent altar of Gozag.
  3092 | D:4      | Noticed an ogre
  3102 | D:3      | Reached skill level 3 in Evocations
  3158 | D:4      | Noticed Purgy
  3199 | D:3      | Reached XP level 6. HP: 21/37 MP: 10/10
  3441 | D:3      | Killed Purgy
  3441 | D:3      | Reached skill level 4 in Evocations
  3444 | D:3      | Reached skill level 5 in Evocations
  3964 | D:4      | Noticed a sky beast
  3989 | D:4      | Killed a sky beast
  3989 | D:4      | Reached XP level 7. HP: 27/41 MP: 11/13
  3994 | D:4      | Gained mutation: You passively map a small area around you. [mutagenic meat]
  3995 | D:4      | Gained mutation: You are agile. (Dex +2) [mutagenic meat]
  3997 | D:4      | Gained mutation: You are frail (-10% HP). [mutagenic meat]
  4372 | D:4      | Reached ** piety under Nemelex Xobeh
  4437 | D:5      | Entered Level 5 of the Dungeon
  4479 | D:5      | Reached skill level 6 in Evocations
  4521 | D:5      | Received a gift from Nemelex Xobeh
  4521 | D:5      | Noticed Blork the orc
  4537 | D:5      | Killed Blork the orc
  4737 | D:5      | Reached XP level 8. HP: 22/43 MP: 14/14
  5020 | D:5      | Reached skill level 7 in Evocations
  5304 | D:5      | Found an oddly glowing altar of Pakellas.
  5433 | D:6      | Received a gift from Nemelex Xobeh
  5443 | D:6      | Reached skill level 5 in Dodging
  5450 | D:6      | Hired Wappikuj the naga for 159 gold.
  5659 | D:6      | Noticed Eustachio
  5669 | D:6      | Killed Eustachio
  5727 | D:6      | Found a deep blue altar of Sif Muna.
  5758 | D:6      | Noticed Grinder
  5768 | D:6      | Paralysed by Grinder for 4 turns
  5772 | D:6      | Killed Grinder
  5900 | D:6      | Found a staircase to the Ecumenical Temple.
  6105 | D:7      | Reached *** piety under Nemelex Xobeh
  6202 | D:7      | Reached XP level 9. HP: 43/46 MP: 16/16
  6207 | D:7      | Reached skill level 8 in Evocations
  6492 | D:7      | Received a gift from Nemelex Xobeh
  6673 | D:7      | Noticed Pikel
  6678 | D:7      | Killed Pikel
  6933 | D:8      | Reached skill level 5 in Armour
  7033 | D:8      | Reached skill level 5 in Fighting
  7135 | D:8      | Found Lutrugat's Luxury Loot.
  7371 | D:8      | Reached skill level 9 in Evocations
  7475 | D:8      | Reached skill level 5 in Shields
  7645 | D:8      | Received a gift from Nemelex Xobeh
  8169 | D:9      | Found a staircase to the Orcish Mines.
  8193 | D:9      | Learned a level 1 spell: Apportation
  8195 | D:9      | Learned a level 1 spell: Summon Butterflies
  8197 | D:9      | Learned a level 1 spell: Freeze
  8206 | Orc:1    | Entered Level 1 of the Orcish Mines
  8232 | Orc:1    | Gained mutation: You occasionally shout uncontrollably at your foes. [potion of mutation]
  8232 | Orc:1    | Gained mutation: You are very frail (-20% HP). [potion of mutation]
  8232 | Orc:1    | Gained mutation: You have very sharp teeth. [potion of mutation]
  8284 | Orc:1    | Reached XP level 10. HP: 47/47 MP: 19/19
  8309 | Orc:1    | Noticed an orc knight
  8318 | Orc:1    | Killed an orc knight
  8407 | Orc:1    | Reached **** piety under Nemelex Xobeh
  8407 | Orc:1    | Found a frozen archway.
  8466 | Orc:1    | Noticed an ice dragon
  8505 | Orc:1    | Killed an ice dragon
  8505 | Orc:1    | Reached skill level 10 in Evocations
  8532 | IceCv    | Entered an ice cave
  8551 | IceCv    | Slain by an ice beast

Skill      XL: |  1  2  3  4  5  6  7  8  9 10 |
---------------+-------------------------------+-----
Dodging        | 2 3 4 5 6 7 |  7.5
Fighting       | 3 4 5 |  5.7
Armour         | 3 4 5 |  5.8
Shields        | 3 4 5 |  5.6
Evocations     | 3 5 6 7 9 10 | 10.1
Short Blades   | |  2.0

Action                   |  1- 3 |  4- 6 |  7- 9 | 10-12 || total
-------------------------+-------+-------+-------+-------++-------
Melee: Rapier            |    57 |       |       |       ||    57
       Dagger            |   106 |     4 |       |       ||   110
       Short sword       |       |   170 |   305 |    38 ||   513
       Unarmed           |       |     4 |       |       ||     4
       Bite              |       |       |       |     7 ||     7
 Fire: Hunting sling     |       |    37 |       |       ||    37
Evoke: Deck              |       |     1 |     6 |     2 ||     9
       Wand              |       |       |     2 |     4 ||     6
  Use: Scroll            |       |     5 |    16 |       ||    21
       Potion            |       |     1 |     5 |       ||     6
 Stab: Paralysed         |       |       |     3 |     5 ||     8
       Distracted        |       |       |     1 |     2 ||     3
  Eat: Chunk             |     1 |     9 |    20 |     1 ||    31
Armor: Scale mail        |    70 |    38 |       |       ||   108
       Plate armour      |       |   105 |   235 |    35 ||   375
Dodge: Dodged            |    42 |    54 |    72 |    14 ||   182
Block: Shield            |    59 |   109 |   217 |    33 ||   418
